[ AOE2 MATCH · #478611224 ]
UnrankedChinese vs Bohemians
[ REPLAY ANALYSIS · EXTRACTED FROM THE RECORDED GAME ]
Feudal
12:18
Castle
15:48
Imperial
24:28
| APM avg | 65.0 |
| APM peak | 122 |
| eAPM avg | 32.5 |
| Villagers / military | 130 / 37 |
Focus
⚔️ 17.8% · 🌾 82.2%
Chu Ko Nu ×33 · Trebuchet (Packed) ×4
Feudal
10:05
Castle
29:59
Imperial
—
| APM avg | 22.8 |
| APM peak | 58 |
| eAPM avg | 16.2 |
| Villagers / military | 76 / 54 |
Focus
⚔️ 35.8% · 🌾 64.2%
Archer ×54
Feudal
10:14
Castle
14:34
Imperial
32:19
| APM avg | 36.4 |
| APM peak | 94 |
| eAPM avg | 13.1 |
| Villagers / military | 89 / 24 |
Focus
⚔️ 16.5% · 🌾 83.5%
Petard ×9 · Monk ×7 · Hussite Wagon ×5 · Bombard Cannon ×2 · Mangonel ×1
Feudal
10:33
Castle
15:29
Imperial
29:09
| APM avg | 27.1 |
| APM peak | 66 |
| eAPM avg | 15.0 |
| Villagers / military | 125 / 95 |
Focus
⚔️ 15.5% · 🌾 84.5%
Ballista Elephant ×47 · Skirmisher ×30 · Spearman ×9 · Scout Cavalry ×8 · Monk ×1
Feudal
12:12
Castle
15:42
Imperial
28:17
| APM avg | 22.3 |
| APM peak | 58 |
| eAPM avg | 12.4 |
| Villagers / military | 154 / 37 |
Focus
⚔️ 14.5% · 🌾 85.5%
Mangonel ×18 · Elephant Archer ×10 · Bombard Cannon ×7 · Monk ×2
Feudal
10:31
Castle
15:34
Imperial
—
| APM avg | 24.5 |
| APM peak | 50 |
| eAPM avg | 13.6 |
| Villagers / military | 62 / 21 |
Focus
⚔️ 15.9% · 🌾 84.1%
Monk ×9 · Mangonel ×6 · Battering Ram ×6
Feudal
10:58
Castle
14:38
Imperial
34:00
| APM avg | 38.0 |
| APM peak | 79 |
| eAPM avg | 22.1 |
| Villagers / military | 177 / 102 |
Focus
⚔️ 25.4% · 🌾 74.6%
Camel Scout ×84 · Scout Cavalry ×13 · Knight ×5
Feudal
10:45
Castle
15:28
Imperial
—
| APM avg | 35.3 |
| APM peak | 98 |
| eAPM avg | 13.6 |
| Villagers / military | 99 / 64 |
Focus
⚔️ 22.8% · 🌾 77.2%
Camel Scout ×36 · Knight ×28
Match map
Initial resources + every placement click. Lines = walls · curves = elevation contours. ◆ gold · ⬟ stone · ● berries · ✦ relic · ◌ wall gap
Your base· ✓ Closed at 15:48 · 0t walls · 2 gate(s)
Shotzsik's base· ✓ Closed at 29:59 · 2t walls · 4 gate(s)
Galadh's base· ✓ Closed at 14:34 · 0t walls · 2 gate(s)
PadreDiSerse's base· ✓ Closed at 15:29 · 0t walls · 3 gate(s)
Suke's base· ✓ Closed at 15:42 · 0t walls · 2 gate(s)
Raziel2162's base· ✓ Closed at 15:34 · 27t walls · 3 gate(s) · fragile
Hallow's base· ✓ Closed at 14:38 · 0t walls · 2 gate(s)
K4inDB's base· ✓ Closed at 15:28 · 0t walls · 2 gate(s)
Smoothed initial terrain · ◌ = detected wall gap · hover for details
Inputs per minute
— byBELMO! - - Shotzsik
Build order — byBELMO!
First 150 of 282 actions detected
| 0:02 | Research | Loom |
| 0:09 | Build | House |
| 0:47 | Create | Villager (Male) |
| 1:16 | Build | Lumber Camp |
| 1:18 | Create | Villager (Male) |
| 1:46 | Create | Villager (Male) |
| 1:46 | Create | Villager (Male) |
| 2:11 | Create | Villager (Male) |
| 2:34 | Create | Villager (Male) |
| 3:02 | Create | Villager (Male) |
| 3:02 | Create | Villager (Male) |
| 3:23 | Create | Villager (Male) |
| 3:49 | Create | Villager (Male) |
| 4:03 | Build | Mill |
| 4:16 | Create | Villager (Male) |
| 4:39 | Create | Villager (Male) |
| 4:40 | Create | Villager (Male) |
| 5:01 | Create | Villager (Male) |
| 5:02 | Create | Villager (Male) |
| 5:13 | Build | House |
| 5:14 | Build | House |
| 5:43 | Build | Mill |
| 5:47 | Create | Villager (Male) |
| 5:53 | Create | Villager (Male) |
| 6:06 | Create | Villager (Male) |
| 6:24 | Build | House |
| 6:25 | Build | House |
| 6:29 | Create | Villager (Male) |
| 6:40 | Create | Villager (Male) |
| 7:08 | Create | Villager (Male) |
| 7:11 | Build | Lumber Camp |
| 7:20 | Create | Villager (Male) |
| 7:20 | Create | Villager (Male) |
| 7:20 | Create | Villager (Male) |
| 7:23 | Create | Villager (Male) |
| 8:00 | Build | Mining Camp |
| 8:46 | Build | Farm |
| 8:52 | Build | Farm |
| 9:21 | Build | Mining Camp |
| 9:40 | Research | Feudal Age |
| 10:38 | Build | Farm |
| 10:41 | Build | Farm |
| 10:43 | Create | Villager (Male) |
| 10:43 | Create | Villager (Male) |
| 12:18 | Age | Feudal Age |
| 12:19 | Build | Market |
| 12:21 | Build | Blacksmith |
| 13:07 | Research | Castle Age |
| 13:07 | Research | Castle Age |
| 13:18 | Create | Villager (Male) |
| 13:24 | Research | Double-Bit Axe |
| 13:24 | Research | Double-Bit Axe |
| 13:51 | Create | Villager (Male) |
| 14:34 | Research | Horse Collar |
| 15:30 | Build | Farm |
| 15:31 | Build | Farm |
| 15:44 | Create | Villager (Male) |
| 15:48 | Age | Castle Age |
| 15:48 | Create | Villager (Male) |
| 15:48 | Create | Villager (Male) |
| 15:49 | Research | Bow Saw |
| 15:56 | Build | Castle |
| 16:05 | Research | Fletching |
| 16:06 | Create | Villager (Male) |
| 16:17 | Build | Farm |
| 16:18 | Build | Farm |
| 16:19 | Create | Villager (Male) |
| 16:45 | Build | House |
| 16:48 | Build | House |
| 16:49 | Create | Villager (Male) |
| 17:13 | Create | Villager (Male) |
| 17:24 | Build | Farm |
| 17:24 | Build | Farm |
| 17:25 | Build | Farm |
| 17:25 | Build | Farm |
| 17:25 | Build | Farm |
| 17:25 | Build | Farm |
| 17:26 | Build | Farm |
| 17:28 | Build | Farm |
| 17:39 | Build | Mining Camp |
| 18:11 | Build | Mill |
| 18:19 | Build | Farm |
| 18:20 | Create | Villager (Male) |
| 18:21 | Create | Villager (Male) |
| 18:53 | Build | Farm |
| 18:54 | Build | Farm |
| 18:56 | Build | Farm |
| 19:00 | Build | Farm |
| 19:27 | Create | Villager (Male) |
| 19:28 | Create | Villager (Male) |
| 20:07 | Build | Farm |
| 20:08 | Build | Farm |
| 20:13 | Create | Villager (Male) |
| 20:42 | Create | Villager (Male) |
| 21:18 | Research | Imperial Age |
| 22:00 | Build | Town Center |
| 22:11 | Create | Villager (Male) |
| 22:15 | Research | Heavy Plow |
| 22:29 | Create | Villager (Male) |
| 22:34 | Build | House |
| 23:22 | Create | Villager (Male) |
| 23:22 | Create | Villager (Male) |
| 23:23 | Create | Villager (Male) |
| 24:18 | Create | Villager (Male) |
| 24:28 | Age | Imperial Age |
| 24:29 | Create | Trebuchet (Packed) |
| 24:29 | Create | Trebuchet (Packed) |
| 24:35 | Create | Villager (Male) |
| 24:36 | Create | Villager (Male) |
| 24:36 | Create | Villager (Male) |
| 24:40 | Research | Two-Man Saw |
| 24:48 | Create | Villager (Male) |
| 25:35 | Create | Trebuchet (Packed) |
| 25:55 | Create | Villager (Male) |
| 25:55 | Create | Villager (Male) |
| 25:57 | Create | Villager (Male) |
| 25:58 | Create | Villager (Male) |
| 25:58 | Create | Villager (Male) |
| 25:59 | Create | Villager (Male) |
| 26:32 | Create | Trebuchet (Packed) |
| 26:33 | Create | Villager (Male) |
| 26:35 | Create | Villager (Male) |
| 26:36 | Create | Villager (Male) |
| 26:40 | Build | Farm |
| 26:40 | Build | Farm |
| 26:40 | Build | Farm |
| 26:40 | Build | Farm |
| 26:40 | Build | Farm |
| 26:41 | Build | Farm |
| 27:18 | Create | Villager (Male) |
| 27:21 | Research | Wheelbarrow |
| 27:27 | Create | Villager (Male) |
| 27:30 | Research | Gold Mining |
| 27:32 | Create | Villager (Male) |
| 27:37 | Create | Chu Ko Nu |
| 27:37 | Create | Chu Ko Nu |
| 27:40 | Create | Chu Ko Nu |
| 27:40 | Create | Chu Ko Nu |
| 27:52 | Create | Villager (Male) |
| 27:53 | Create | Villager (Male) |
| 27:54 | Create | Villager (Male) |
| 27:59 | Build | Town Center |
| 28:24 | Create | Chu Ko Nu |
| 28:28 | Create | Villager (Male) |
| 28:28 | Create | Villager (Male) |
| 28:55 | Create | Chu Ko Nu |
| 28:55 | Create | Chu Ko Nu |
| 28:56 | Create | Villager (Male) |
| 28:58 | Research | Bodkin Arrow |
| 29:05 | Build | University |
Build order — Shotzsik
First 150 of 223 actions detected
| 0:01 | Create | Villager (Male) |
| 0:02 | Create | Villager (Male) |
| 0:02 | Create | Villager (Male) |
| 0:04 | Build | House |
| 0:07 | Build | House |
| 0:34 | Create | Villager (Male) |
| 0:41 | Build | House |
| 0:57 | Build | House |
| 1:42 | Create | Villager (Male) |
| 1:43 | Create | Villager (Male) |
| 1:51 | Build | Lumber Camp |
| 2:10 | Create | Villager (Male) |
| 2:10 | Create | Villager (Male) |
| 2:40 | Create | Villager (Male) |
| 2:41 | Create | Villager (Male) |
| 3:04 | Create | Villager (Male) |
| 3:28 | Research | Loom |
| 3:36 | Create | Villager (Male) |
| 3:37 | Create | Villager (Male) |
| 3:59 | Create | Villager (Male) |
| 4:00 | Create | Villager (Male) |
| 4:47 | Create | Villager (Male) |
| 4:48 | Create | Villager (Male) |
| 4:48 | Create | Villager (Male) |
| 4:48 | Create | Villager (Male) |
| 5:14 | Build | Mining Camp |
| 5:37 | Create | Villager (Male) |
| 5:38 | Create | Villager (Male) |
| 6:13 | Create | Villager (Male) |
| 6:28 | Build | Mill |
| 7:26 | Create | Villager (Male) |
| 7:55 | Research | Feudal Age |
| 8:54 | Build | Mill |
| 9:20 | Create | Villager (Male) |
| 9:20 | Create | Villager (Male) |
| 9:28 | Build | House |
| 9:50 | Build | House |
| 10:05 | Age | Feudal Age |
| 10:10 | Build | Donjon |
| 10:20 | Build | Blacksmith |
| 10:36 | Research | Double-Bit Axe |
| 10:37 | Research | Double-Bit Axe |
| 10:53 | Create | Villager (Male) |
| 10:57 | Create | Villager (Male) |
| 11:23 | Research | Fletching |
| 11:36 | Create | Villager (Male) |
| 12:07 | Build | Donjon |
| 12:27 | Create | Villager (Male) |
| 12:27 | Create | Villager (Male) |
| 13:18 | Build | Donjon |
| 13:30 | Build | Mining Camp |
| 13:32 | Create | Villager (Male) |
| 13:32 | Create | Villager (Male) |
| 13:32 | Create | Villager (Male) |
| 13:43 | Create | Villager (Male) |
| 13:43 | Create | Villager (Male) |
| 14:20 | Research | Town Watch |
| 14:32 | Build | Outpost |
| 14:40 | Create | Villager (Male) |
| 14:41 | Create | Villager (Male) |
| 15:05 | Build | Donjon |
| 15:39 | Build | Donjon |
| 15:52 | Create | Villager (Male) |
| 15:52 | Create | Villager (Male) |
| 15:53 | Create | Villager (Male) |
| 16:29 | Create | Villager (Male) |
| 16:42 | Build | Donjon |
| 16:54 | Create | Villager (Male) |
| 16:54 | Create | Villager (Male) |
| 17:31 | Create | Villager (Male) |
| 17:31 | Create | Villager (Male) |
| 18:06 | Build | House |
| 18:11 | Build | House |
| 18:12 | Build | House |
| 18:14 | Build | House |
| 18:15 | Build | House |
| 18:17 | Build | House |
| 18:34 | Build | Donjon |
| 18:46 | Build | Mining Camp |
| 18:50 | Research | Wheelbarrow |
| 19:02 | Build | Mining Camp |
| 20:09 | Create | Villager (Male) |
| 20:09 | Create | Villager (Male) |
| 20:09 | Create | Villager (Male) |
| 20:10 | Create | Villager (Male) |
| 20:47 | Create | Villager (Male) |
| 20:47 | Create | Villager (Male) |
| 21:06 | Build | Gate |
| 21:36 | Build | Farm |
| 21:36 | Build | Farm |
| 21:36 | Build | Farm |
| 21:36 | Build | Farm |
| 21:36 | Build | Farm |
| 21:37 | Build | Farm |
| 21:40 | Build | Farm |
| 21:43 | Create | Villager (Male) |
| 22:18 | Create | Villager (Male) |
| 23:17 | Create | Villager (Male) |
| 23:17 | Create | Villager (Male) |
| 23:22 | Build | Farm |
| 23:22 | Build | Farm |
| 23:22 | Build | Farm |
| 23:22 | Build | Farm |
| 23:23 | Build | Farm |
| 23:23 | Build | Farm |
| 23:23 | Build | Farm |
| 23:24 | Build | Farm |
| 23:24 | Build | Farm |
| 24:18 | Create | Villager (Male) |
| 24:18 | Create | Villager (Male) |
| 24:18 | Create | Villager (Male) |
| 24:33 | Build | Donjon |
| 24:40 | Build | Donjon |
| 24:57 | Build | Gate |
| 25:00 | Build | Stone Wall |
| 25:02 | Build | Stone Wall |
| 25:14 | Create | Villager (Male) |
| 25:19 | Build | Lumber Camp |
| 25:31 | Create | Villager (Male) |
| 25:38 | Build | Market |
| 25:58 | Build | Donjon |
| 26:29 | Create | Villager (Male) |
| 26:29 | Create | Villager (Male) |
| 26:51 | Build | Mining Camp |
| 27:01 | Research | Castle Age |
| 27:59 | Build | Archery Range |
| 28:55 | Build | Archery Range |
| 28:57 | Build | Archery Range |
| 29:02 | Research | Padded Archer Armor |
| 29:15 | Build | Mining Camp |
| 29:26 | Create | Archer |
| 29:26 | Create | Archer |
| 29:28 | Create | Archer |
| 29:28 | Create | Archer |
| 29:38 | Research | Horse Collar |
| 29:43 | Research | Gold Mining |
| 29:59 | Age | Castle Age |
| 30:05 | Create | Villager (Male) |
| 30:06 | Create | Villager (Male) |
| 30:08 | Research | Bow Saw |
| 30:10 | Research | Bodkin Arrow |
| 30:20 | Build | University |
| 30:32 | Build | Monastery |
| 30:36 | Research | Crossbowman (upgrade) |
| 30:43 | Create | Archer |
| 30:44 | Create | Archer |
| 30:44 | Create | Archer |
| 30:51 | Create | Villager (Male) |
| 30:51 | Create | Villager (Male) |
| 31:10 | Build | House |
Build order — Galadh
First 150 of 203 actions detected
| 0:01 | Create | Villager (Male) ×4 |
| 0:02 | Build | House |
| 0:05 | Build | House |
| 1:32 | Create | Villager (Male) |
| 1:32 | Create | Villager (Male) |
| 1:47 | Build | Lumber Camp |
| 1:49 | Create | Villager (Male) |
| 2:23 | Create | Villager (Male) |
| 2:57 | Create | Villager (Male) |
| 2:57 | Create | Villager (Male) |
| 3:28 | Build | House |
| 3:29 | Build | House |
| 3:50 | Create | Villager (Male) |
| 4:13 | Create | Villager (Male) |
| 4:21 | Build | Mill |
| 4:35 | Create | Villager (Male) |
| 4:35 | Create | Villager (Male) |
| 5:05 | Create | Villager (Male) |
| 5:25 | Create | Villager (Male) |
| 5:25 | Create | Villager (Male) |
| 6:03 | Create | Villager (Male) |
| 6:06 | Create | Villager (Male) |
| 6:06 | Create | Villager (Male) |
| 6:06 | Create | Villager (Male) |
| 6:11 | Research | Loom |
| 6:52 | Build | Mining Camp |
| 7:42 | Build | Mining Camp |
| 8:04 | Research | Feudal Age |
| 8:22 | Create | Villager (Male) |
| 8:51 | Build | Mill |
| 9:09 | Create | Villager (Male) |
| 10:14 | Age | Feudal Age |
| 10:23 | Build | Blacksmith |
| 10:28 | Build | Market |
| 11:54 | Research | Castle Age |
| 12:27 | Research | Double-Bit Axe |
| 13:17 | Research | Loom |
| 14:34 | Age | Castle Age |
| 14:35 | Build | House |
| 14:45 | Build | Town Center |
| 15:07 | Create | Villager (Male) |
| 15:07 | Create | Villager (Male) |
| 15:07 | Create | Villager (Male) |
| 15:07 | Create | Villager (Male) |
| 15:54 | Research | Bow Saw |
| 15:54 | Research | Bow Saw |
| 16:07 | Build | Castle |
| 16:28 | Research | Fletching |
| 16:43 | Create | Villager (Male) |
| 16:43 | Create | Villager (Male) |
| 17:26 | Create | Hussite Wagon |
| 17:41 | Create | Villager (Male) |
| 17:41 | Create | Villager (Male) |
| 18:20 | Build | Monastery |
| 18:25 | Create | Villager (Male) |
| 18:25 | Create | Villager (Male) |
| 18:25 | Create | Villager (Male) |
| 18:27 | Build | Farm |
| 18:55 | Build | Farm |
| 19:03 | Create | Villager (Male) |
| 19:04 | Create | Villager (Male) |
| 19:15 | Build | Farm |
| 19:15 | Build | Farm |
| 19:47 | Build | Gate |
| 20:03 | Build | Stone Wall |
| 20:08 | Build | Stone Wall |
| 20:13 | Build | Stone Wall |
| 20:18 | Create | Villager (Male) |
| 20:21 | Build | Farm |
| 20:26 | Research | Fervor |
| 20:41 | Build | Farm |
| 20:48 | Build | Farm |
| 21:00 | Create | Villager (Male) |
| 21:37 | Create | Villager (Male) |
| 21:44 | Build | Farm |
| 22:10 | Create | Villager (Male) |
| 22:22 | Build | Farm |
| 22:31 | Build | Mining Camp |
| 22:33 | Build | Farm |
| 22:40 | Create | Villager (Male) |
| 22:40 | Create | Villager (Male) |
| 22:44 | Build | Farm |
| 23:01 | Create | Villager (Male) |
| 23:18 | Build | Farm |
| 23:19 | Create | Villager (Male) |
| 23:22 | Create | Monk |
| 23:30 | Create | Villager (Male) |
| 23:36 | Build | Town Center |
| 23:41 | Build | Farm |
| 23:45 | Create | Villager (Male) |
| 23:45 | Create | Villager (Male) |
| 23:55 | Build | Farm |
| 23:56 | Build | Farm |
| 23:57 | Research | Horse Collar |
| 24:12 | Create | Villager (Male) |
| 24:13 | Create | Villager (Male) |
| 24:20 | Create | Villager (Male) |
| 24:22 | Build | Farm |
| 24:41 | Build | Farm |
| 25:00 | Create | Petard ×2 |
| 25:01 | Create | Petard ×2 |
| 25:12 | Create | Villager (Male) |
| 25:16 | Build | Farm |
| 25:17 | Build | Farm |
| 25:18 | Build | Farm |
| 25:19 | Create | Villager (Male) |
| 25:28 | Create | Villager (Male) |
| 25:44 | Create | Villager (Male) |
| 25:49 | Create | Petard |
| 25:49 | Create | Petard |
| 26:09 | Create | Villager (Male) |
| 26:10 | Create | Villager (Male) |
| 26:10 | Create | Villager (Male) |
| 26:38 | Create | Petard |
| 26:38 | Create | Petard |
| 26:38 | Create | Petard |
| 26:49 | Create | Villager (Male) |
| 26:49 | Create | Villager (Male) |
| 26:50 | Create | Villager (Male) |
| 27:08 | Build | Castle |
| 27:09 | Create | Villager (Male) |
| 27:13 | Build | Farm |
| 27:17 | Build | House |
| 27:19 | Build | House |
| 27:19 | Build | House |
| 27:21 | Build | House |
| 27:24 | Create | Monk |
| 27:24 | Create | Monk |
| 27:30 | Build | Stone Wall |
| 27:34 | Build | Gate |
| 27:51 | Build | Farm |
| 27:52 | Create | Villager (Male) |
| 27:52 | Create | Villager (Male) |
| 27:52 | Create | Villager (Male) |
| 27:53 | Research | Wheelbarrow |
| 28:15 | Build | House |
| 28:20 | Build | Stone Wall |
| 28:27 | Build | Stone Wall |
| 28:36 | Build | Stone Wall |
| 28:42 | Build | Stone Wall |
| 28:53 | Create | Villager (Male) |
| 28:53 | Create | Villager (Male) |
| 28:53 | Create | Villager (Male) |
| 28:53 | Create | Villager (Male) |
| 29:09 | Research | Imperial Age |
| 29:10 | Create | Villager (Male) |
| 29:27 | Build | Stone Wall |
| 29:32 | Create | Villager (Male) |
| 29:36 | Build | Siege Workshop |
| 29:57 | Build | Farm |
Build order — PadreDiSerse
First 150 of 250 actions detected
| 0:02 | Create | Villager (Male) |
| 0:02 | Create | Villager (Male) |
| 0:03 | Create | Villager (Male) |
| 0:03 | Create | Villager (Male) |
| 0:05 | Build | House |
| 0:07 | Build | House |
| 1:28 | Create | Villager (Male) |
| 1:56 | Create | Villager (Male) |
| 2:28 | Create | Villager (Male) |
| 2:30 | Create | Villager (Male) |
| 2:37 | Build | Lumber Camp |
| 2:50 | Create | Villager (Male) |
| 3:23 | Create | Villager (Male) |
| 3:41 | Build | House |
| 3:54 | Create | Villager (Male) |
| 4:35 | Create | Villager (Male) |
| 4:35 | Create | Villager (Male) |
| 4:36 | Create | Villager (Male) |
| 4:36 | Create | Villager (Male) |
| 5:20 | Create | Villager (Male) |
| 5:31 | Build | House |
| 5:38 | Build | Mill |
| 6:00 | Create | Villager (Male) |
| 6:00 | Create | Villager (Male) |
| 6:29 | Create | Villager (Male) |
| 6:39 | Create | Villager (Male) |
| 6:43 | Research | Loom |
| 6:56 | Create | Villager (Male) |
| 6:57 | Research | Loom |
| 7:13 | Build | Mill |
| 8:03 | Build | Mining Camp |
| 8:14 | Research | Feudal Age |
| 8:40 | Build | House |
| 8:43 | Build | House |
| 9:36 | Create | Villager (Male) |
| 9:36 | Create | Villager (Male) |
| 9:46 | Create | Villager (Male) |
| 9:47 | Research | Loom |
| 9:51 | Build | Farm |
| 10:00 | Create | Villager (Male) |
| 10:07 | Build | Farm |
| 10:27 | Build | Farm |
| 10:33 | Age | Feudal Age |
| 10:36 | Create | Villager (Male) |
| 10:36 | Create | Villager (Male) |
| 10:43 | Research | Double-Bit Axe |
| 10:59 | Build | Farm |
| 11:17 | Create | Villager (Male) |
| 11:30 | Build | Farm |
| 12:05 | Build | Farm |
| 12:10 | Create | Villager (Male) |
| 12:18 | Build | Farm |
| 12:49 | Research | Castle Age |
| 13:10 | Research | Horse Collar |
| 13:20 | Build | Farm |
| 13:34 | Build | Farm |
| 13:40 | Build | Farm |
| 13:54 | Create | Villager (Male) |
| 14:03 | Build | Farm |
| 14:14 | Create | Villager (Male) |
| 14:28 | Create | Villager (Male) |
| 14:50 | Research | Loom |
| 14:58 | Research | Stone Mining |
| 14:58 | Research | Gold Mining |
| 15:10 | Build | Mining Camp |
| 15:23 | Build | Farm |
| 15:29 | Age | Castle Age |
| 15:33 | Create | Villager (Male) |
| 15:34 | Create | Villager (Male) |
| 15:49 | Create | Villager (Male) |
| 16:02 | Create | Villager (Male) |
| 16:33 | Build | Town Center |
| 16:42 | Create | Villager (Male) |
| 16:52 | Research | Bow Saw |
| 17:02 | Build | House |
| 17:04 | Build | House |
| 17:37 | Create | Villager (Male) |
| 17:46 | Create | Villager (Male) |
| 17:46 | Create | Villager (Male) |
| 18:09 | Create | Villager (Male) |
| 18:10 | Create | Villager (Male) |
| 18:21 | Create | Villager (Male) ×5 |
| 18:25 | Research | Wheelbarrow |
| 18:35 | Create | Villager (Male) |
| 18:45 | Build | Town Center |
| 19:31 | Research | Heavy Plow |
| 19:34 | Create | Villager (Male) |
| 19:54 | Create | Villager (Male) |
| 19:59 | Build | Farm |
| 20:02 | Build | Farm |
| 20:04 | Create | Villager (Male) |
| 20:17 | Create | Villager (Male) |
| 20:23 | Build | Farm |
| 20:24 | Build | Farm |
| 20:24 | Build | Farm |
| 20:24 | Build | Farm |
| 20:28 | Build | Farm |
| 20:35 | Create | Villager (Male) ×4 |
| 20:38 | Build | Farm |
| 20:41 | Create | Villager (Male) |
| 21:04 | Create | Villager (Male) |
| 21:13 | Build | Farm |
| 21:14 | Build | Farm |
| 21:31 | Build | House |
| 21:32 | Build | House |
| 21:34 | Build | House |
| 21:35 | Build | House |
| 21:39 | Create | Villager (Male) |
| 21:42 | Research | Gold Shaft Mining |
| 21:44 | Create | Villager (Male) ×2 |
| 22:03 | Build | Lumber Camp |
| 22:15 | Build | House |
| 22:15 | Build | House |
| 22:16 | Build | House |
| 22:20 | Create | Villager (Male) |
| 22:34 | Build | Castle |
| 22:36 | Create | Villager (Male) |
| 23:01 | Build | Market |
| 23:17 | Create | Villager (Male) |
| 23:18 | Create | Villager (Male) |
| 23:19 | Research | Hand Cart |
| 23:22 | Create | Villager (Male) ×5 |
| 23:28 | Build | Farm |
| 23:29 | Build | Farm |
| 23:30 | Build | Farm |
| 23:32 | Create | Villager (Male) |
| 23:41 | Build | Blacksmith |
| 23:42 | Build | House |
| 23:43 | Build | House |
| 23:44 | Create | Villager (Male) |
| 24:20 | Build | Town Center |
| 24:26 | Build | Farm |
| 24:35 | Create | Villager (Male) |
| 24:36 | Create | Villager (Male) |
| 24:56 | Create | Villager (Male) ×5 |
| 25:08 | Create | Villager (Male) |
| 25:22 | Build | Farm |
| 25:23 | Build | Farm |
| 25:26 | Build | Farm |
| 25:35 | Build | House |
| 25:35 | Build | House |
| 25:38 | Build | House |
| 25:54 | Research | Imperial Age |
| 26:15 | Build | Farm |
| 26:16 | Build | Farm |
| 26:17 | Build | Farm |
| 26:18 | Build | Farm |
| 26:19 | Build | Farm |
| 26:20 | Build | Farm |
| 26:25 | Create | Villager (Male) ×5 |
Build order — Suke
First 150 of 248 actions detected
| 0:01 | Create | Villager (Male) ×4 |
| 0:01 | Create | Villager (Male) ×4 |
| 0:03 | Build | House |
| 0:05 | Build | House |
| 1:32 | Create | Villager (Male) |
| 1:48 | Build | Lumber Camp |
| 1:50 | Create | Villager (Male) |
| 2:27 | Create | Villager (Male) |
| 2:56 | Create | Villager (Male) |
| 3:02 | Build | House |
| 3:05 | Create | Villager (Male) |
| 3:37 | Create | Villager (Male) |
| 4:07 | Create | Villager (Male) |
| 4:37 | Create | Villager (Male) ×2 |
| 4:44 | Build | Mill |
| 5:12 | Create | Villager (Male) ×2 |
| 5:29 | Create | Villager (Male) |
| 5:32 | Build | House |
| 5:33 | Build | House |
| 5:51 | Create | Villager (Male) ×2 |
| 6:07 | Build | House |
| 6:12 | Build | House |
| 6:14 | Build | House |
| 7:08 | Create | Villager (Male) |
| 7:41 | Build | Mill |
| 7:42 | Create | Villager (Male) |
| 7:58 | Create | Villager (Male) ×5 |
| 8:11 | Create | Villager (Male) |
| 8:17 | Build | Lumber Camp |
| 9:47 | Research | Feudal Age |
| 10:15 | Build | Mining Camp |
| 11:53 | Create | Villager (Male) |
| 11:54 | Create | Villager (Male) |
| 12:12 | Age | Feudal Age |
| 12:14 | Build | Market |
| 12:17 | Build | Blacksmith |
| 12:22 | Build | House |
| 12:48 | Research | Horse Collar |
| 12:52 | Build | Farm |
| 12:54 | Build | Farm |
| 13:00 | Build | Farm |
| 13:02 | Research | Castle Age |
| 13:18 | Build | Farm |
| 13:24 | Research | Double-Bit Axe |
| 13:34 | Build | Farm |
| 13:36 | Build | Farm |
| 13:40 | Build | Farm |
| 14:13 | Build | Farm |
| 14:19 | Build | Farm |
| 15:15 | Create | Villager (Male) |
| 15:16 | Create | Villager (Male) |
| 15:42 | Age | Castle Age |
| 15:53 | Build | Town Center |
| 16:04 | Build | Town Center |
| 16:28 | Build | Town Center |
| 16:32 | Build | Farm |
| 16:33 | Create | Villager (Male) |
| 16:36 | Research | Bow Saw |
| 16:40 | Build | Farm |
| 16:56 | Build | House |
| 16:57 | Create | Villager (Male) ×5 |
| 17:05 | Build | Farm |
| 17:16 | Build | Monastery |
| 17:25 | Create | Villager (Male) |
| 17:25 | Create | Villager (Male) |
| 17:29 | Build | Farm |
| 17:33 | Build | Farm |
| 17:34 | Build | Farm |
| 17:42 | Create | Villager (Male) |
| 17:42 | Create | Villager (Male) |
| 17:52 | Create | Villager (Male) ×3 |
| 17:57 | Build | Farm |
| 17:59 | Build | Farm |
| 18:07 | Create | Monk |
| 18:18 | Create | Villager (Male) |
| 18:21 | Create | Villager (Male) |
| 18:26 | Build | Farm |
| 18:30 | Create | Villager (Male) |
| 18:34 | Build | Farm |
| 18:37 | Create | Villager (Male) |
| 18:40 | Build | House |
| 18:42 | Build | House |
| 18:43 | Build | House |
| 18:45 | Create | Villager (Male) |
| 18:54 | Build | Farm |
| 18:56 | Create | Villager (Male) |
| 19:07 | Create | Villager (Male) |
| 19:13 | Build | Farm |
| 19:14 | Build | Farm |
| 19:19 | Build | Farm |
| 19:21 | Create | Villager (Male) ×2 |
| 19:26 | Build | Farm |
| 19:28 | Build | Farm |
| 19:30 | Create | Villager (Male) |
| 19:36 | Build | Farm |
| 19:38 | Build | Farm |
| 19:41 | Build | Farm |
| 19:43 | Build | Farm |
| 19:46 | Create | Villager (Male) ×3 |
| 19:51 | Build | Farm |
| 20:09 | Build | House |
| 20:10 | Build | House |
| 20:12 | Research | Wheelbarrow |
| 20:21 | Build | Farm |
| 20:23 | Create | Villager (Male) ×2 |
| 20:27 | Build | Farm |
| 20:30 | Create | Villager (Male) |
| 20:39 | Create | Villager (Male) |
| 20:46 | Create | Villager (Male) ×2 |
| 20:53 | Create | Monk |
| 21:01 | Create | Villager (Male) |
| 21:03 | Create | Villager (Male) ×2 |
| 21:06 | Build | Farm |
| 21:07 | Build | Farm |
| 21:14 | Build | Mill |
| 21:15 | Build | Farm |
| 21:15 | Build | Farm |
| 21:15 | Build | Farm |
| 21:17 | Build | Farm |
| 21:20 | Create | Villager (Male) ×4 |
| 21:23 | Build | House |
| 21:25 | Build | House |
| 21:26 | Build | House |
| 21:29 | Create | Villager (Male) |
| 21:50 | Create | Villager (Male) ×4 |
| 21:54 | Build | Farm |
| 21:57 | Create | Villager (Male) ×3 |
| 22:15 | Build | Farm |
| 22:17 | Create | Villager (Male) ×4 |
| 22:21 | Build | Farm |
| 22:24 | Create | Villager (Male) |
| 23:01 | Create | Villager (Male) ×5 |
| 23:06 | Build | Farm |
| 23:07 | Build | Farm |
| 23:10 | Build | Farm |
| 23:21 | Create | Villager (Male) |
| 23:26 | Research | Hand Cart |
| 23:34 | Build | Farm |
| 23:37 | Build | Farm |
| 23:42 | Build | Farm |
| 23:47 | Create | Villager (Male) |
| 23:54 | Build | University |
| 24:00 | Build | Farm |
| 24:04 | Build | House |
| 24:06 | Build | House |
| 24:08 | Build | House |
| 24:09 | Build | House |
| 24:12 | Create | Villager (Male) ×5 |
| 24:43 | Build | Mill |
| 24:45 | Build | Farm |
Build order — Raziel2162
First 150 of 169 actions detected
| 0:02 | Build | House |
| 0:04 | Build | House |
| 0:05 | Build | House |
| 0:16 | Create | Villager (Male) |
| 0:17 | Create | Villager (Male) |
| 0:17 | Create | Villager (Male) |
| 0:29 | Create | Villager (Male) |
| 1:46 | Create | Villager (Male) |
| 2:00 | Build | Lumber Camp |
| 2:06 | Create | Villager (Male) |
| 2:35 | Create | Villager (Male) |
| 3:02 | Create | Villager (Male) |
| 3:36 | Create | Villager (Male) |
| 3:46 | Build | House |
| 4:05 | Create | Villager (Male) |
| 4:19 | Create | Villager (Male) |
| 4:25 | Build | House |
| 4:33 | Build | Mill |
| 4:47 | Create | Villager (Male) |
| 4:47 | Create | Villager (Male) |
| 5:35 | Create | Villager (Male) |
| 5:35 | Create | Villager (Male) |
| 6:28 | Create | Villager (Male) |
| 7:02 | Create | Villager (Male) |
| 7:05 | Build | Mill |
| 7:21 | Create | Villager (Male) |
| 7:26 | Create | Villager (Male) |
| 7:26 | Research | Loom |
| 7:56 | Build | Mining Camp |
| 8:21 | Research | Feudal Age |
| 8:21 | Research | Feudal Age |
| 9:32 | Create | Villager (Male) |
| 9:33 | Create | Villager (Male) |
| 10:31 | Age | Feudal Age |
| 10:48 | Build | Blacksmith |
| 10:59 | Build | Market |
| 11:12 | Build | House |
| 11:25 | Build | Stone Wall |
| 11:34 | Build | Stone Wall |
| 11:38 | Build | House |
| 11:52 | Research | Loom |
| 12:00 | Build | House |
| 12:04 | Build | Stone Wall |
| 12:15 | Build | House |
| 12:21 | Build | Palisade Gate |
| 12:42 | Build | Gate |
| 12:43 | Build | Gate |
| 12:54 | Research | Castle Age |
| 12:54 | Research | Castle Age |
| 13:31 | Build | Watch Tower |
| 13:36 | Build | House |
| 13:38 | Build | House |
| 14:00 | Build | Stone Wall |
| 14:18 | Build | Stone Wall |
| 14:24 | Build | Stone Wall |
| 14:34 | Build | House |
| 14:51 | Build | Mining Camp |
| 15:34 | Age | Castle Age |
| 15:38 | Build | Siege Workshop |
| 15:49 | Create | Villager (Male) |
| 15:50 | Create | Villager (Male) |
| 15:50 | Create | Villager (Male) |
| 16:16 | Create | Mangonel |
| 16:40 | Build | Farm |
| 18:02 | Create | Mangonel |
| 18:07 | Create | Villager (Male) |
| 18:08 | Create | Villager (Male) |
| 18:08 | Create | Villager (Male) |
| 18:31 | Build | Monastery |
| 18:54 | Create | Villager (Male) |
| 19:19 | Create | Villager (Male) |
| 19:25 | Build | Farm |
| 19:27 | Build | Farm |
| 19:29 | Create | Monk |
| 20:13 | Create | Battering Ram |
| 20:34 | Build | Farm |
| 20:35 | Build | Farm |
| 20:36 | Build | Farm |
| 21:19 | Create | Monk |
| 21:20 | Create | Battering Ram |
| 21:34 | Build | Farm |
| 21:35 | Create | Villager (Male) |
| 21:35 | Create | Villager (Male) |
| 22:02 | Create | Villager (Male) |
| 22:05 | Create | Battering Ram |
| 22:30 | Create | Villager (Male) |
| 22:57 | Build | Farm |
| 22:58 | Build | Farm |
| 23:00 | Create | Villager (Male) |
| 23:20 | Create | Monk |
| 23:34 | Build | Farm |
| 23:36 | Create | Villager (Male) |
| 23:38 | Create | Mangonel |
| 23:52 | Create | Villager (Male) |
| 24:26 | Create | Mangonel |
| 24:44 | Create | Villager (Male) |
| 24:45 | Create | Villager (Male) |
| 25:24 | Create | Villager (Male) |
| 25:25 | Create | Villager (Male) |
| 25:30 | Create | Battering Ram |
| 25:32 | Research | Gold Mining |
| 26:03 | Create | Monk |
| 26:04 | Create | Villager (Male) |
| 26:17 | Build | House |
| 26:30 | Create | Villager (Male) |
| 27:04 | Build | Farm |
| 27:07 | Build | Farm |
| 27:29 | Create | Villager (Male) |
| 27:31 | Research | Wheelbarrow |
| 27:35 | Build | Town Center |
| 28:35 | Build | Farm |
| 28:37 | Create | Villager (Male) |
| 28:42 | Build | House |
| 29:02 | Create | Villager (Male) |
| 29:03 | Create | Villager (Male) |
| 29:06 | Create | Mangonel |
| 29:08 | Create | Monk |
| 29:47 | Create | Villager (Male) |
| 29:49 | Create | Villager (Male) |
| 29:49 | Create | Villager (Male) |
| 29:53 | Build | Farm |
| 29:55 | Build | Farm |
| 29:55 | Build | Farm |
| 29:56 | Build | Farm |
| 29:56 | Build | Farm |
| 30:00 | Research | Horse Collar |
| 30:00 | Research | Horse Collar |
| 30:25 | Create | Villager (Male) |
| 30:25 | Create | Villager (Male) |
| 30:25 | Create | Villager (Male) |
| 30:26 | Create | Villager (Male) |
| 30:29 | Build | Mining Camp |
| 30:58 | Create | Villager (Male) |
| 30:58 | Create | Villager (Male) |
| 31:50 | Create | Battering Ram |
| 31:55 | Build | House |
| 31:59 | Build | House |
| 32:38 | Create | Villager (Male) |
| 32:39 | Create | Villager (Male) |
| 32:40 | Create | Monk |
| 32:41 | Create | Monk |
| 32:49 | Create | Villager (Male) |
| 32:50 | Create | Villager (Male) |
| 32:51 | Build | House |
| 32:53 | Build | House |
| 32:58 | Research | Redemption |
| 33:20 | Create | Battering Ram |
| 33:54 | Create | Villager (Male) |
| 33:55 | Create | Villager (Male) |
| 33:57 | Build | House |
Build order — Hallow
First 150 of 445 actions detected
| 0:03 | Create | Villager (Male) |
| 0:03 | Create | Villager (Male) |
| 0:03 | Create | Villager (Male) |
| 0:04 | Build | House |
| 0:05 | Build | House |
| 0:18 | Create | Villager (Male) |
| 0:18 | Create | Villager (Male) |
| 1:26 | Create | Villager (Male) |
| 1:27 | Create | Villager (Male) |
| 1:58 | Create | Villager (Male) |
| 1:58 | Create | Villager (Male) |
| 2:31 | Create | Villager (Male) |
| 2:32 | Create | Villager (Male) |
| 2:34 | Create | Villager (Male) |
| 2:35 | Create | Villager (Male) |
| 2:41 | Build | Lumber Camp |
| 3:19 | Create | Villager (Male) |
| 3:20 | Create | Villager (Male) |
| 3:21 | Create | Villager (Male) |
| 3:22 | Create | Villager (Male) |
| 3:23 | Create | Villager (Male) |
| 3:42 | Create | Villager (Male) |
| 3:42 | Create | Villager (Male) |
| 4:00 | Build | House |
| 4:11 | Create | Villager (Male) |
| 4:12 | Create | Villager (Male) |
| 4:34 | Build | House |
| 4:58 | Create | Villager (Male) |
| 4:59 | Create | Villager (Male) |
| 5:29 | Create | Villager (Male) |
| 5:34 | Create | Villager (Male) |
| 5:39 | Create | Villager (Male) |
| 5:59 | Build | Mill |
| 6:01 | Create | Villager (Male) |
| 6:49 | Build | Farm |
| 7:52 | Create | Villager (Male) |
| 8:01 | Build | House |
| 8:21 | Create | Villager (Male) |
| 8:42 | Build | Mining Camp |
| 8:44 | Research | Feudal Age |
| 8:44 | Research | Feudal Age |
| 9:20 | Build | Barracks |
| 10:23 | Create | Villager (Male) |
| 10:23 | Create | Villager (Male) |
| 10:58 | Age | Feudal Age |
| 11:00 | Build | Stable |
| 11:09 | Build | Blacksmith |
| 11:52 | Create | Villager (Male) |
| 11:58 | Research | Castle Age |
| 11:59 | Research | Castle Age |
| 12:05 | Research | Double-Bit Axe |
| 12:05 | Research | Double-Bit Axe |
| 12:11 | Build | Farm |
| 12:13 | Build | Farm |
| 12:27 | Research | Horse Collar |
| 12:38 | Build | Farm |
| 12:53 | Build | Farm |
| 13:01 | Build | House |
| 13:08 | Build | Farm |
| 13:10 | Create | Villager (Male) |
| 14:10 | Create | Villager (Male) |
| 14:38 | Age | Castle Age |
| 14:42 | Build | Town Center |
| 14:44 | Create | Knight |
| 14:44 | Create | Knight |
| 15:04 | Research | Bow Saw |
| 15:04 | Research | Bow Saw |
| 15:20 | Create | Villager (Male) |
| 15:22 | Build | Farm |
| 15:53 | Build | House |
| 15:57 | Create | Villager (Male) |
| 16:13 | Create | Knight |
| 16:20 | Build | Farm |
| 16:21 | Build | Farm |
| 16:25 | Create | Villager (Male) |
| 16:27 | Create | Villager (Male) |
| 17:09 | Create | Villager (Male) |
| 17:10 | Build | Farm |
| 17:23 | Research | Scale Barding Armor |
| 17:42 | Build | Siege Workshop |
| 17:43 | Create | Villager (Male) |
| 17:51 | Create | Villager (Male) |
| 17:57 | Build | Town Center |
| 18:03 | Build | Farm |
| 18:05 | Build | Farm |
| 18:19 | Build | Farm |
| 18:23 | Create | Villager (Male) |
| 18:23 | Create | Villager (Male) |
| 18:33 | Create | Knight |
| 18:33 | Create | Knight |
| 18:39 | Build | Farm |
| 18:42 | Create | Villager (Male) |
| 18:42 | Create | Villager (Male) |
| 18:59 | Create | Villager (Male) |
| 19:05 | Create | Villager (Male) |
| 19:05 | Create | Villager (Male) |
| 19:10 | Build | Farm |
| 19:15 | Build | Farm |
| 19:17 | Create | Villager (Male) |
| 19:18 | Create | Villager (Male) |
| 19:18 | Create | Villager (Male) |
| 20:04 | Create | Camel Scout |
| 20:04 | Create | Camel Scout |
| 20:05 | Create | Camel Scout |
| 20:10 | Create | Villager (Male) |
| 20:10 | Create | Villager (Male) |
| 20:10 | Create | Villager (Male) |
| 20:13 | Build | Farm |
| 20:14 | Build | Farm |
| 20:19 | Create | Villager (Male) |
| 20:24 | Build | Farm |
| 20:53 | Create | Villager (Male) |
| 20:56 | Build | Farm |
| 20:57 | Build | Farm |
| 20:58 | Create | Villager (Male) |
| 20:58 | Create | Villager (Male) |
| 21:01 | Build | Stable |
| 21:02 | Create | Villager (Male) |
| 21:03 | Create | Villager (Male) |
| 21:03 | Create | Villager (Male) |
| 21:18 | Create | Camel Scout |
| 21:18 | Create | Camel Scout |
| 21:31 | Create | Villager (Male) |
| 21:31 | Create | Villager (Male) |
| 21:33 | Build | Farm |
| 21:36 | Build | House |
| 21:39 | Create | Villager (Male) |
| 21:41 | Build | House |
| 21:43 | Build | Farm |
| 21:45 | Create | Villager (Male) |
| 21:45 | Create | Villager (Male) |
| 21:50 | Build | Farm |
| 21:52 | Create | Camel Scout |
| 21:52 | Create | Camel Scout |
| 22:03 | Research | Wheelbarrow |
| 22:03 | Research | Wheelbarrow |
| 22:03 | Research | Wheelbarrow |
| 22:31 | Research | Bloodlines |
| 22:32 | Create | Camel Scout |
| 22:33 | Create | Camel Scout |
| 22:34 | Create | Villager (Male) |
| 22:34 | Create | Villager (Male) |
| 22:37 | Build | Farm |
| 22:40 | Build | Mill |
| 22:41 | Build | Farm |
| 22:41 | Build | Farm |
| 22:42 | Build | Farm |
| 22:42 | Build | Farm |
| 22:43 | Create | Villager (Male) |
| 22:48 | Build | Farm |
Build order — K4inDB
First 150 of 269 actions detected
| 0:01 | Create | Villager (Male) |
| 0:01 | Create | Villager (Male) |
| 0:02 | Create | Villager (Male) |
| 0:02 | Create | Villager (Male) |
| 0:04 | Build | House |
| 0:05 | Build | House |
| 0:11 | Create | Villager (Male) |
| 0:12 | Create | Villager (Male) |
| 1:28 | Create | Villager (Male) |
| 1:44 | Build | Lumber Camp |
| 1:47 | Create | Villager (Male) |
| 2:25 | Create | Villager (Male) |
| 3:22 | Create | Villager (Male) |
| 3:22 | Create | Villager (Male) |
| 4:13 | Create | Villager (Male) |
| 4:13 | Create | Villager (Male) |
| 4:22 | Build | House |
| 4:49 | Create | Villager (Male) |
| 4:55 | Build | House |
| 5:04 | Create | Villager (Male) |
| 5:24 | Create | Villager (Male) |
| 5:26 | Build | House |
| 5:29 | Create | Villager (Male) |
| 5:33 | Build | Mill |
| 5:40 | Create | Villager (Male) |
| 5:54 | Build | House |
| 5:58 | Create | Villager (Male) |
| 6:46 | Create | Villager (Male) |
| 6:54 | Create | Villager (Male) |
| 7:13 | Create | Villager (Male) |
| 7:39 | Build | Mill |
| 8:17 | Build | Mining Camp |
| 8:24 | Research | Feudal Age |
| 8:52 | Build | Farm |
| 8:54 | Build | Farm |
| 9:18 | Create | Villager (Male) |
| 9:18 | Create | Villager (Male) |
| 10:20 | Build | Barracks |
| 10:45 | Age | Feudal Age |
| 11:23 | Create | Villager (Male) |
| 11:38 | Build | Stable |
| 11:57 | Create | Villager (Male) |
| 12:04 | Build | Farm |
| 12:28 | Research | Loom |
| 12:34 | Build | Blacksmith |
| 12:45 | Build | Farm |
| 12:51 | Build | Farm |
| 13:03 | Research | Castle Age |
| 13:21 | Build | Farm |
| 13:22 | Build | Farm |
| 13:35 | Research | Double-Bit Axe |
| 14:14 | Research | Horse Collar |
| 14:18 | Create | Villager (Male) |
| 14:30 | Build | Farm |
| 14:34 | Build | Farm |
| 14:38 | Create | Villager (Male) |
| 15:11 | Build | Farm |
| 15:12 | Build | Farm |
| 15:17 | Research | Bloodlines |
| 15:28 | Age | Castle Age |
| 15:53 | Build | Stable |
| 16:00 | Create | Villager (Male) |
| 16:11 | Build | Farm |
| 16:14 | Research | Scale Barding Armor |
| 16:21 | Create | Knight |
| 16:34 | Create | Villager (Male) |
| 16:43 | Build | Farm |
| 16:53 | Create | Knight |
| 17:00 | Create | Villager (Male) |
| 17:09 | Build | House |
| 17:47 | Create | Knight |
| 17:48 | Create | Villager (Male) |
| 17:51 | Create | Knight |
| 17:55 | Build | Farm |
| 17:59 | Create | Villager (Male) |
| 18:01 | Create | Knight |
| 18:19 | Create | Knight |
| 18:22 | Create | Villager (Male) |
| 18:25 | Build | House |
| 18:28 | Build | House |
| 18:33 | Build | Farm |
| 18:38 | Build | Farm |
| 18:40 | Build | Farm |
| 18:44 | Create | Knight |
| 18:48 | Create | Villager (Male) |
| 18:52 | Build | Farm |
| 18:56 | Build | House |
| 19:20 | Create | Villager (Male) |
| 19:23 | Create | Knight |
| 19:26 | Build | Farm |
| 20:12 | Create | Knight |
| 20:24 | Create | Villager (Male) |
| 20:37 | Create | Knight |
| 20:41 | Create | Villager (Male) |
| 21:00 | Create | Villager (Male) |
| 21:08 | Build | Farm |
| 21:09 | Build | Farm |
| 21:11 | Build | Farm |
| 21:12 | Build | Farm |
| 21:37 | Create | Knight |
| 21:38 | Create | Villager (Male) |
| 21:39 | Create | Villager (Male) |
| 21:45 | Create | Villager (Male) |
| 21:47 | Build | Lumber Camp |
| 21:53 | Create | Knight |
| 22:09 | Create | Villager (Male) |
| 22:11 | Create | Camel Scout |
| 22:42 | Create | Knight |
| 22:46 | Create | Villager (Male) |
| 23:09 | Create | Villager (Male) |
| 23:10 | Create | Knight |
| 23:39 | Create | Camel Scout |
| 24:10 | Create | Camel Scout |
| 24:10 | Create | Camel Scout |
| 24:11 | Create | Villager (Male) |
| 24:12 | Create | Villager (Male) |
| 24:16 | Build | Town Center |
| 24:19 | Create | Villager (Male) |
| 24:31 | Create | Camel Scout |
| 24:39 | Build | House |
| 24:40 | Build | House |
| 24:46 | Research | Bow Saw |
| 24:49 | Create | Camel Scout |
| 25:09 | Create | Camel Scout |
| 25:25 | Create | Villager (Male) |
| 25:30 | Create | Villager (Male) |
| 25:31 | Create | Villager (Male) |
| 25:35 | Create | Camel Scout |
| 25:35 | Create | Camel Scout |
| 25:51 | Create | Camel Scout |
| 25:59 | Research | Forging |
| 26:00 | Create | Villager (Male) |
| 26:03 | Create | Villager (Male) |
| 26:03 | Create | Villager (Male) |
| 26:06 | Create | Villager (Male) |
| 26:08 | Build | Farm |
| 26:13 | Build | Farm |
| 26:33 | Create | Camel Scout |
| 26:34 | Create | Camel Scout |
| 26:36 | Create | Villager (Male) |
| 26:37 | Create | Villager (Male) |
| 26:55 | Create | Camel Scout |
| 26:55 | Create | Camel Scout |
| 26:58 | Create | Villager (Male) |
| 27:02 | Build | House |
| 27:03 | Build | House |
| 27:04 | Build | House |
| 27:22 | Create | Camel Scout |
| 27:22 | Create | Camel Scout |
| 27:24 | Research | Husbandry |
Match timeline
| 9:20 | Hallow · first_building Barracks |
| 10:05 | Shotzsik · age_up feudal |
| 10:10 | Shotzsik · first_building Donjon |
| 10:14 | Galadh · age_up feudal |
| 10:20 | K4inDB · first_building Barracks |
| 10:31 | Raziel2162 · age_up feudal |
| 10:33 | PadreDiSerse · age_up feudal |
| 10:45 | K4inDB · age_up feudal |
| 10:58 | Hallow · age_up feudal |
| 11:00 | Hallow · first_building Stable |
| 11:25 | Raziel2162 · wall_segment Stone Wall x10 |
| 11:29 | Galadh · first_market_sell 100 stone |
| 11:34 | Raziel2162 · wall_segment Stone Wall x13 |
| 11:35 | Galadh · first_market_buy 100 food |
| 11:38 | K4inDB · first_building Stable |
| 12:04 | Raziel2162 · wall_segment Stone Wall x1 |
| 12:12 | Suke · age_up feudal |
| 12:18 | byBELMO! · age_up feudal |
| 13:21 | Raziel2162 · first_market_sell 100 food |
| 13:23 | Raziel2162 · first_market_buy 100 stone |
| 14:00 | Raziel2162 · wall_segment Stone Wall x1 |
| 14:18 | Raziel2162 · wall_segment Stone Wall x1 |
| 14:24 | Raziel2162 · wall_segment Stone Wall x1 |
| 14:34 | Galadh · age_up castle |
| 14:38 | Hallow · age_up castle |
| 15:28 | K4inDB · age_up castle |
| 15:29 | PadreDiSerse · age_up castle |
| 15:34 | Raziel2162 · age_up castle |
| 15:38 | Raziel2162 · first_building Siege Workshop |
| 15:42 | Suke · age_up castle |
| 15:48 | byBELMO! · age_up castle |
| 15:56 | byBELMO! · first_building Castle |
| 16:07 | Galadh · first_building Castle |
| 16:16 | Suke · first_market_sell 100 wood |
| 16:19 | Suke · first_market_buy 100 stone |
| 17:16 | Suke · first_building Monastery |
| 17:42 | Hallow · first_building Siege Workshop |
| 18:20 | Galadh · first_building Monastery |
| 18:31 | Raziel2162 · first_building Monastery |
| 20:03 | Galadh · wall_segment Stone Wall x1 |
| 20:08 | Galadh · wall_segment Stone Wall x1 |
| 20:13 | Galadh · wall_segment Stone Wall x1 |
| 20:50 | byBELMO! · first_market_sell 100 stone |
| 20:53 | byBELMO! · first_market_buy 100 food |
| 21:48 | Suke · tribute_sent a jugador 1 |
| 21:48 | Suke · tribute_sent a jugador 2 |
| 21:48 | Suke · tribute_sent a jugador 3 |
| 21:48 | Suke · tribute_sent a jugador 4 |
| 21:48 | Suke · tribute_sent a jugador 6 |
| 21:48 | Suke · tribute_sent a jugador 7 |
| 21:48 | Suke · tribute_sent a jugador 8 |
| 22:34 | PadreDiSerse · first_building Castle |
| 24:28 | byBELMO! · age_up imperial |
| 25:00 | Shotzsik · wall_segment Stone Wall x1 |
| 25:02 | Shotzsik · wall_segment Stone Wall x1 |
| 25:47 | PadreDiSerse · first_market_sell 100 stone |
| 25:47 | PadreDiSerse · first_market_buy 100 food |
| 26:35 | PadreDiSerse · first_building Monastery |
| 26:57 | Shotzsik · first_market_buy 100 food |
| 27:26 | Suke · first_building Barracks |
| 27:30 | PadreDiSerse · first_building Barracks |
| 27:30 | Galadh · wall_segment Stone Wall x1 |
| 27:59 | Shotzsik · first_building Archery Range |
| 28:17 | Suke · age_up imperial |
| 28:20 | Galadh · wall_segment Stone Wall x8 |
| 28:27 | Galadh · wall_segment Stone Wall x8 |
| 28:36 | Galadh · wall_segment Stone Wall x8 |
| 28:42 | Galadh · wall_segment Stone Wall x9 |
| 29:04 | Hallow · first_building Monastery |
| 29:09 | PadreDiSerse · age_up imperial |
| 29:23 | Suke · first_building Archery Range |
| 29:27 | Galadh · wall_segment Stone Wall x9 |
| 29:36 | Galadh · first_building Siege Workshop |
| 29:53 | Suke · first_building Siege Workshop |
| 29:59 | Shotzsik · age_up castle |
| 30:32 | Shotzsik · first_building Monastery |
| 31:41 | Shotzsik · first_market_sell 100 food |
| 31:44 | PadreDiSerse · first_building Archery Range |
| 32:08 | Hallow · first_building Castle |
| 32:19 | Galadh · age_up imperial |
| 34:00 | Hallow · age_up imperial |
| 34:11 | Hallow · first_market_sell 100 stone |
| 35:19 | PadreDiSerse · first_building Stable |
| 36:18 | Suke · first_building Castle |
| 36:49 | Raziel2162 · wall_segment Stone Wall x1 |
| 37:05 | K4inDB · first_building Castle |
| 37:31 | Raziel2162 · first_building Castle |
| 37:35 | Galadh · resign |
[ AI ANALYSIS · 1 CREDIT ]
What really happened in this match?
Wolo.gg analyzes every decision: build order, eco, micro, common mistakes by bracket. Personalized analysis on WhatsApp or Discord in 30 seconds.
Civ guide
Chinese
Perfil
Jugador #4917277